Cogmind - Beta 17.1 @@@ ROGUE MODE // 2026.08.27 @ 12:47:52 Player: SunShine214 Result: Destroyed by S-10 Pest with Light Assault Rifle Performance ------------- Evolutions (0) 0 Regions Visited (1) 200 Robots Destroyed (4) 20 Value Destroyed (67) 67 Prototype IDs (0) 0 Alien Tech Used (0) 0 Bonus (0) 0 TOTAL SCORE: 287 Bonus ------- None Cogmind --------- Core Integrity 0/250 Matter 285/300 Energy 100/100 System Corruption 1% Temperature Cool (0) Movement Core (50) Location -10/Materials Parts ------- > --- POWER (1) -------- (None) > --- PROPULSION (2) --- (None) > --- UTILITY (2) ------ (None) > --- WEAPON (2) ------- (None) > --- INVENTORY (5) ---- Ion Engine VTOL Module Small Storage Unit Improved Targeting Computer Shield Generator Peak State ------------ > --- POWER ------------ Ion Engine > --- PROPULSION ------- Light Treads Light Treads > --- UTILITY ---------- Small Storage Unit Seismic Detector > --- WEAPON ----------- Medium Laser Assault Rifle > --- INVENTORY -------- (None) [Rating: 7] Favorites ----------- Power Ion Engine Engine Ion Engine Propulsion Light Treads Treads Light Treads Utility Small Storage Unit Device Seismic Detector Storage Small Storage Unit Weapon Medium Laser Energy Gun Medium Laser Ballistic Gun Assault Rifle Build | -11 -10 ------- Run | Yrd Mat Slots Evolved . | . . Power . | . . Propulsion . | . . Utility . | . . Weapon . | . . Parts Attached 7 | 7 . Power 1 | 1 . Engine 1 | 1 . Core . | . . Reactor . | . . Propulsion 2 | 2 . Treads 2 | 2 . Leg . | . . Wheel . | . . Hover . | . . Flight . | . . Utility 2 | 2 . Device 1 | 1 . Storage 1 | 1 . Processor . | . . Hackware . | . . Protection . | . . Artifact . | . . Weapon 2 | 2 . Energy Gun 1 | 1 . Energy Cannon . | . . Ballistic Gun 1 | 1 . Ballistic Cannon . | . . Launcher . | . . Special Weapon . | . . Impact Weapon . | . . Slashing Weapon . | . . Piercing Weapon . | . . Special Melee Weapon . | . . Unidentified Prototypes . | . . Parts Lost . | . . Power . | . . Propulsion . | . . Utility . | . . Weapon . | . . Highest Loss Streak . | . . To Critical Strikes . | . . Average Backups 1 | . 2 Power . | . . Propulsion . | . . Utility . | . 1 Weapon . | . . Tool/Special . | . . Unused Backups 3 | . 3 Power . | . . Propulsion 1 | . 1 Utility 2 | . 2 Weapon . | . . Tool/Special . | . . Average Slot Usage (%) 76 | . 76 Engine 10 | . 10 Treads 21 | . 21 Device 10 | . 10 Storage 10 | . 10 Energy Gun 10 | . 10 Ballistic Gun 10 | . 10 Peak Build Rating 7 | 7 7 Average Rating 5 | 5 5 On Entrance 3 | . 7 Avg Prop Armor Cover (%) . | . . Naked Turns 39 | . 39 Heaviest Build 15 | 15 15 Greatest Support 40 | 40 40 Greatest Overweight (x) 4 | . 4 Average Overweight (x) . | . . Largest Inventory Capacity 8 | 8 8 Average Capacity 7 | 6 7 Most Carried 5 | . 5 Average Carried 1 | . 2 Final Capacity 8 | 8 5 Final Carried 5 | . 5 Class Distribution -------------------- 100% | Mutant Dominant Class ---------------- Mutant | -10/Materials Resources | -11 -10 ----------- Run | Yrd Mat Matter Collected 285 | 244 41 Remotely . | . . Salvage Created 155 | 95 60 Parts 6 | 4 2 Haulers Intercepted . | . . Recyclers Shooed . | . . Parts Field Recycled . | . . Retrieved Matter . | . . Parts Self-Destructed . | . . Prevented . | . . Parts Restored . | . . Kills | -11 -10 ------- Run | Yrd Mat Combat Hostiles Destroyed 1 | . 1 Guns 1 | . 1 Classes Destroyed 3 | 2 1 Tunneler 2 | 2 . Recycler 1 | 1 . Grunt 1 | . 1 Best Kill Streak 2 | 2 1 Combat Bots Only 1 | . 1 Max Kills in Single Turn 1 | 1 1 Gunslinging . | . . Exploded . | . . Melee . | . . Uniques/NPCs Destroyed . | . . Combat | -11 -10 -------- Run | Yrd Mat Hostile Shots Fired 64 | . 64 Missed 13 | . 13 Hits 51 | . 51 Projectile 51 | . 51 Damage Taken 545 | . 545 Core 256 | . 256 Absorbed by Shields . | . . Core Remaining (%) 100 | 100 . Volleys Fired 8 | 5 3 Largest 2 | 2 2 Hottest 70 | 70 70 Shots Fired 16 | 10 6 Gun 16 | 10 6 Cannon . | . . Launcher . | . . Special . | . . Kinetic 8 | 5 3 Thermal 8 | 5 3 Explosive . | . . Electromagnetic . | . . Robot Hit Streak 4 | 3 4 Robot Miss Streak 2 | 2 2 Penetration Max . | . . Secondary Targets . | . . Shots Hit Robots 10 | 6 4 Core Hits 6 | 4 2 Critical Kills . | . . Critical Parts Destroyed . | . . Critical Strikes 1 | . 1 Burn 1 | . 1 Melee Attacks . | . . Impact . | . . Slashing . | . . Piercing . | . . Sneak Attacks . | . . Combat Hostiles . | . . Follow-up Attacks . | . . Damage Inflicted 154 | 77 77 Guns 122 | 77 45 Cannons . | . . Explosions . | . . Melee . | . . Ramming 32 | . 32 Kinetic 60 | 40 20 Thermal 62 | 37 25 Explosive . | . . Electromagnetic . | . . Impact . | . . Slashing . | . . Piercing . | . . Highest Corruption 1 | . 1 Average Corruption 1 | . 1 Corruption Purged . | . . Corruption Blocked . | . . Effects 1 | . 1 Matter Fused 1 | . 1 Overload Shots . | . . Overflow Damage . | . . Projectiles . | . . Explosions . | . . Melee . | . . Knockbacks . | . . Impact . | . . Kinetic . | . . Secondary . | . . Self-Inflicted Damage 32 | . 32 Shots . | . . Rammed . | . . Targets Rammed . | . . Kicked . | . . Crushed . | . . Highest Temperature 36 | 36 27 Average Temperature 15 | 16 14 Received Heat Transfer . | . . Siege Activations . | . . Martial Activations . | . . Shielding Activations . | . . Robots Disrupted . | . . Combat Hostiles . | . . Robots Corrupted . | . . Combat Hostiles . | . . Parts Fried . | . . Impact Corruptions . | . . Robots Melted . | . . Combat Hostiles . | . . Parts Melted 1 | . 1 Heat Transferred 259 | 111 148 Parts Sabotaged . | . . Parts Stolen . | . . Parts Stripped . | . . Power Chain Reactions . | . . Alert | -11 -10 ------- Run | Yrd Mat Maximum Alert Level . | . . Low Security (%) 100 | 100 100 Level 1 . | . . Level 2 . | . . Level 3 . | . . Level 4 . | . . Level 5 . | . . High Security . | . . Max Security . | . . Peak Influence 30 | 10 30 Initial . | . . Average 3 | 2 4 Influence Increases 45 | 15 30 Destroy 0b10 Robot/C 20 | . 20 Destroy 0b10 Robot/NC 15 | 15 . Destroy Leader 10 | . 10 Influence Decreases 45 | 15 30 Time Decay 45 | 15 30 Squads Dispatched . | . . Investigation . | . . Extermination . | . . Reinforcement . | . . Assault . | . . Garrison . | . . Intercept . | . . Searches Triggered . | . . Construction Impeded . | . . Haulers Reinforced . | . . Active Scanning Responses . | . . Cargo Convoy Interrupts . | . . Stealth | -11 -10 --------- Run | Yrd Mat Distress Signals 1 | . 1 Communications Jammed . | . . Distress Signals . | . . Times Spotted 9 | . 9 Peak Tracking Total 4 | . 4 Tactical Retreats . | . . Traps | -11 -10 ------- Run | Yrd Mat Traps Triggered 2 | . 2 Indirectly . | . . Trap Hack Attempts . | . . Triggered . | . . Disarmed . | . . Reprogrammed . | . . Reused . | . . Traps Extracted . | . . Installed . | . . Triggered . | . . Machines | -11 -10 ---------- Run | Yrd Mat Machines Disabled . | . . Max in Single Turn . | . . Machines Repaired . | . . Machines Dismantled . | . . Machines Sabotaged . | . . Overloaded Fab Kills . | . . Hacking | -11 -10 --------- Run | Yrd Mat Machines Accessed . | . . Terminals . | . . Fabricators . | . . Repair Stations . | . . Recycling Units . | . . Scanalyzers . | . . Garrison Access . | . . Total Hacks . | . . Successful . | . . Failed . | . . Catastrophic . | . . Database Lockouts . | . . Manual . | . . Terminals . | . . Fabricators . | . . Repair Stations . | . . Recycling Units . | . . Scanalyzers . | . . Garrison Access . | . . Terminal Hacks . | . . Fabricator Hacks . | . . Repair Station Hacks . | . . Recycling Unit Hacks . | . . Scanalyzer . | . . Garrison Access Hacks . | . . Unauthorized Hacks . | . . Terminals . | . . Fabricators . | . . Repair Stations . | . . Recycling Units . | . . Scanalyzers . | . . Garrison Access . | . . Data Cores Recovered . | . . Used . | . . Hacking Detections . | . . Full Trace Events . | . . Feedback Events . | . . Feedback Blocked . | . . Robot Schematics Acquired . | . . Robots Built . | . . Authchips . | . . Time . | . . Total Robot Build Rating . | . . Part Schematics Acquired . | . . Parts Built . | . . Authchips . | . . Time . | . . Total Part Build Rating . | . . Part Studies Acquired . | . . Parts Repaired . | . . Time . | . . Parts Recycled . | . . Recycled Matter . | . . Retrieved Matter . | . . Retrieved Components . | . . Parts Scanalyzed . | . . Part Schematics Acquired . | . . Parts Damaged . | . . Bothacking | -11 -10 ------------ Run | Yrd Mat Used RIF Installer . | . . Robots Hacked . | . . Non-combat . | . . Combat . | . . Robot Hacks Applied . | . . Relay Couplers Released . | . . Fabnet Peak Effective % . | . . Robots Rewired . | . . Allies Hacked . | . . Hacks Repelled . | . . Allies | -11 -10 -------- Run | Yrd Mat Total Allies . | . . Largest Group . | . . Highest-Rated Group . | . . Highest-Rated Ally . | . . Total Orders . | . . Ally Attacks . | . . Total Damage . | . . Kills . | . . Allies Corrupted . | . . Allies Melted . | . . Intel | -11 -10 ------- Run | Yrd Mat Active Infowar (turns) 99 | 10 89 Seismic 99 | 10 89 Robot Analysis Total . | . . Derelict Logs Recovered . | . . Drone Launches . | . . Drone Recoveries . | . . Exploration | -11 -10 ------------- Run | Yrd Mat Turns Passed 241 | 83 158 Spaces Moved 87 | 38 49 Core 4 | 2 2 Treads 83 | 36 47 Legs . | . . Wheels . | . . Hover . | . . Flight . | . . Fastest Speed 50 | 50 160 Average Speed 159 | 154 163 Slowest Speed 250 | 160 250 Overloaded Moves . | . . Propulsion Burnouts . | . . Robots Hopped . | . . Potential Cave-ins . | . . Cave-ins Triggered . | . . Exploration Rate (%) 10 | 4 17 Regions Visited 1 Branch Regions . Pre-discovered Areas . | . . Known Exits Taken . | . . Unknown Exits Taken 1 | 1 . Scrap Searched . | . . Spaces Dug . | . . Terrain Destroyed . | . . Melee . | . . Projectile . | . . AOE . | . . Terrain Rammed 12 | . 12 Walls Destroyed . | . . Machines Disabled . | . . Actions | -11 -10 --------- Run | Yrd Mat Total 162 | 49 113 Wait 39 | . 39 Move 86 | 37 49 Hop . | . . Pick Up 3 | . 3 Fast Attach 7 | 7 . Attach . | . . Detach 2 | . 2 Swap . | . . Drop 5 | . 5 Fire 8 | 5 3 Melee . | . . Ram 12 | . 12 Kick . | . . Crush . | . . Escape Stasis . | . . Rewire . | . . Trap . | . . Miscellaneous . | . . Route ------- -11/Scrapyard -10/Materials History --------- Turn | Location | Event 2 | -11/Scrapyard | Met Revision 17 20 | -11/Scrapyard | Discovered new exit (range 15) 84 | -11/Scrapyard | Entered Materials 85 | -10/Materials | Met a group of wandering Federalists 188 | -10/Materials | Lost 3 allies 214 | -10/Materials | Core integrity fell below 50% 231 | -10/Materials | Core integrity fell below 20% 242 | -10/Materials | Destroyed by S-10 Pest with Light Assault Rifle Last Messages --------------- 00200_ U-05 Engineer lays Concrete. 00201_ Dropped Broken Lgt. Treads. 00202_ Dropped Broken Seismic Detector. 00203_ U-05 Engineer builds a Door. 00203_ Dropped Broken Med. Laser. 00203_ Dropped Broken Assault Rifle. 00204_ U-05 Engineer builds a Wall. 00205_ U-05 Engineer lays Concrete. 00207_ U-05 Engineer builds a Wall. 00208_ U-05 Engineer lays Concrete. 00229_ System corrupted: Matter fused (-6). 00229_ R-06 Scavenger collects Broken Med. Laser. 00232_ R-06 Scavenger collects Broken Lgt. Treads. 00237_ R-06 Scavenger collects Corrupted Salvaging Laser. 00237_ U-05 Engineer works on Processing Tank. 00240_ R-06 Scavenger collects Imp. Heat Sink. 00242_ U-05 Engineer completes Processing Tank. Map ----- +----------------------------------------------------+ | ????????????????????????????????????????????? | | ????????????????????????????????????????????? | | ????????????????????????????????????????????? | | ????????????????????????????????????????????? | | ????????????????????????????????????????????? | | ????????????????????????????????????????????? | | ????????????????????????????????????????????? | | ????????????????????????????????????????????? | | ????????????????????????????????????????????? | | ????????????????????????????????????????????? | | ??????????????????#####?????????????????????? | | ?????????????????? ????????????????????? | | ?????????????????? ??????????????????? | | ?????????????????? ||| ??????????????????? | | ?????????????????? ||| ???????????????????? | | ??????????????????# w|| ???????????????????? | | ??????????????????# ????????????????????? | | ??????????????????# ????????????????????? | | ??????????????????# ?????????????????????? | | ??????????????????# #?????????????????????? | | ??????????????????# %[########??????????????? | | ??????????????????# ! # ???????????????? | | ??????????????????# # <<<<< ??????????????? | | ??????????????????#=[ # <<<<< """???????????? | | ??????????????#####%=%s%